Map: Ulzaan

Players

Mandingo - Winner!

  • Race: Protoss Protoss
  • League: Silver
  • Spawn Location: 9:00

AfterBurner - Winner!

  • Race: Zerg Zerg
  • Spawn Location: 11:00

Cthulhu

  • Race: Terran Terran
  • Spawn Location: 3:00

Throwfordays

  • Race: Protoss Protoss
  • League: Silver
  • Spawn Location: 1:00

VOD

Have the link to the VOD?

Description

Time

  • Played on: Feb. 26, 2019, 11:16 p.m.
  • Length: 13:30
Show
View Real Time Build Order
Export as new Build Order

Mandingo Protoss - Winner!

Build Orders:  

Get SALT Encoding   

  1  0:00  Probe  
  12  0:05  Probe  
  14  0:15  Probe  
  15  0:30  Pylon  
  15  0:45  Pylon  
  15  0:48  Probe  
  16  1:00  Probe  
  17  1:06  Gateway  
  17  1:07  Gateway  
  17  1:15  Gateway  
  17  1:24  Pylon  
  17  1:27  Probe  
  17  1:31  Assimilator  
  18  1:51  Probe  
  19  1:59  Zealot x2  
  23  2:02  Zealot  
  25  2:09  Probe  
  26  2:21  Zealot  
  26  2:22  Zealot  
  26  2:26  Zealot  
  32  2:43  Zealot  
  32  2:47  Pylon, Zealot  
  36  2:52  Assimilator  
  36  2:58  Cybernetics Core  
  36  3:03  Zealot  
  38  3:43  Stalker x3  
  38  5:10  Stalker  
  38  5:11  Stalker x2, Probe  
  44  5:17  Warp Gate  
  44  5:19  Probe  
  41  5:26  Stargate  
  40  5:29  Probe  
  41  5:41  Nexus  
  41  6:28  Phoenix  
  43  6:36  Assimilator  
  43  6:40  Assimilator  
  29  7:08  Stalker x2  
  29  7:09  Stalker  
  33  7:47  Probe x2  
  33  7:58  Phoenix  
  31  8:11  Probe x2  
  33  8:15  Phoenix  
  33  8:20  Twilight Council  
  33  8:23  Probe x2  
  37  8:30  Stalker  
  37  8:31  Stalker  
  41  8:35  Probe x2  
  41  8:39  Phoenix  
  45  8:47  Probe x2  
  47  8:51  Stalker  
  47  8:53  Stalker  
  51  9:04  Phoenix  
  53  9:11  Probe  
  53  9:12  Probe  
  53  9:15  Stalker x2  
  59  9:24  Probe x2  
  61  9:29  Phoenix  
  57  9:36  Probe x2  
  59  9:44  Probe  
  59  9:48  Probe  
  59  9:52  Probe  
  62  10:01  Phoenix  
  62  10:25  Protoss Air Weapons Level 1  
  62  10:42  Nexus  
  62  10:44  Pylon  
  62  10:46  Pylon  
  62  10:49  Pylon  
  62  11:01  Phoenix  
  62  11:02  Probe  
  65  11:10  Stargate  
  65  11:13  Stargate  
  65  11:29  Stalker x2  
  65  11:30  Stalker  
  71  11:43  Assimilator  
  71  11:46  Assimilator  
  71  11:50  Pylon  
  71  11:53  Pylon  
  71  11:54  Void Ray x2  
  75  12:37  Void Ray x2  
  75  12:42  Stalker x3  
Show
View Real Time Build Order
Export as new Build Order

AfterBurner Zerg - Winner!

Build Orders: Pool First 

Get SALT Encoding   

  12  0:00  Drone  
  13  0:08  Drone  
  14  0:18  Overlord  
  14  0:36  Drone  
  14  0:37  Drone x2  
  17  0:46  Spawning Pool  
  17  0:48  Extractor  
  15  0:52  Drone  
  16  0:58  Drone  
  17  1:13  Drone  
  18  1:20  Drone  
  19  1:33  Overlord  
  19  1:34  Queen  
  21  1:45  Zergling x2  
  22  1:51  Metabolic Boost  
  22  1:53  Zergling x2  
  23  2:00  Hatchery  
  22  2:04  Zergling x2  
  23  2:14  Zergling x2  
  24  2:24  Zergling x2  
  25  2:36  Zergling x2  
  26  2:43  Zergling x4, Overlord  
  28  2:48  Zergling x2  
  29  3:01  Zergling x2  
  30  3:10  Zergling x2  
  31  3:13  Drone  
  31  3:16  Queen  
  31  3:17  Zergling x4  
  31  3:18  Zergling x2  
  37  3:23  Zergling x4  
  39  3:39  Zergling x4  
  40  3:59  Zergling x8  
  44  4:13  Baneling Nest  
  44  4:14  Drone  
  42  4:28  Zergling x2  
  42  4:29  Overlord x2  
  43  4:36  Drone  
  43  4:37  Extractor  
  37  4:58  Zergling x16  
  37  4:59  Zergling x2  
  44  5:16  Spore Crawler  
  44  5:18  Spore Crawler  
  44  5:19  Drone x4  
  34  5:44  Zergling x6  
  34  5:45  Zergling x6  
  39  5:56  Zergling x2  
  39  5:57  Zergling x6  
  41  6:15  Zergling x6  
  41  6:16  Zergling x2  
  40  6:36  Zergling x6  
  40  6:39  Lair, Drone  
  43  6:44  Drone  
  44  7:06  Zergling x8  
  42  7:17  Zergling x10  
  42  7:18  Zergling x4  
  41  7:48  Hydralisk Den  
  41  7:50  Drone x3  
  43  7:52  Extractor  
  43  7:53  Extractor  
  43  7:54  Drone  
  43  7:55  Drone x2  
  35  8:31  Zergling x2  
  35  8:32  Zergling x16  
  39  8:36  Drone  
  40  8:53  Drone  
  41  8:58  Drone x2  
  41  8:59  Drone  
  44  9:04  Muscular Augments  
  44  9:05  Hydralisk  
  44  9:08  Hydralisk x3  
  52  9:12  Drone x3  
  52  9:16  Hydralisk  
  57  9:25  Drone  
  57  9:26  Spore Crawler, Drone  
  58  9:34  Drone  
  58  9:36  Overseer x2  
  58  9:38  Overlord x3  
  59  9:56  Hydralisk  
  59  9:57  Hydralisk x5  
  69  10:11  Hydralisk x2  
  69  10:12  Hydralisk  
  75  10:16  Grooved Spines  
  75  10:19  Hydralisk  
  77  10:25  Drone x3  
  80  10:29  Overlord  
  80  10:36  Evolution Chamber  
  80  10:40  Evolution Chamber  
  78  11:02  Hydralisk x2  
  82  11:05  Hydralisk  
  82  11:07  Hatchery  
  83  11:18  Overseer  
  83  11:20  Hydralisk x2  
  83  11:21  Hydralisk  
  89  11:26  Overlord  
  89  11:31  Hydralisk  
  91  11:41  Overlord x2  
  91  11:46  Queen  
  93  12:15  Hydralisk  
  93  12:16  Hydralisk x5  
  93  12:19  Drone  
  93  12:21  Drone  
  107  12:25  Queen  
  107  12:28  Drone  
  102  13:00  Overlord x3  
  102  13:01  Overlord  
Show
View Real Time Build Order
Export as new Build Order

Cthulhu Terran 

Build Orders: 2 Factory 

Get SALT Encoding   

  12  0:03  SCV  
  13  0:15  SCV  
  14  0:25  Supply Depot  
  14  0:28  SCV  
  15  0:47  SCV  
  15  0:48  Barracks  
  16  0:59  SCV  
  17  1:08  Refinery  
  17  1:21  Command Center  
  17  1:24  SCV  
  18  1:37  Orbital Command  
  18  1:42  Marine  
  19  1:58  Barracks  
  19  2:17  Supply Depot  
  19  2:18  Marine  
  20  2:36  Marine  
  21  2:40  Orbital Command  
  21  2:41  SCV  
  21  2:43  Refinery  
  22  3:20  Factory  
  22  3:25  Factory  
  22  3:27  Factory  
  22  3:30  SCV x2  
  22  3:31  Barracks Tech Lab  
  24  3:39  Refinery  
  21  3:42  Refinery, SCV  
  21  3:43  Marine  
  23  3:52  Marine  
  24  4:11  Hellion x2  
  28  4:27  Marine x2  
  28  4:56  Hellion  
  25  5:04  Hellion  
  13  5:15  Marine  
  6  5:22  Hellion  
  8  5:33  Marine  
  6  5:53  Marine, SCV x2  
  7  6:05  SCV  
  8  6:16  SCV  
  8  6:17  SCV  
  9  6:22  Hellion  
  11  6:25  Supply Depot  
  10  6:35  Widow Mine  
  12  6:43  Widow Mine  
  13  6:53  Marine  
  7  7:24  Marine, SCV  
  4  8:06  Widow Mine  
  6  8:14  Marine  
  6  8:17  SCV x2  
  9  8:29  SCV  
  9  8:34  Widow Mine x2  
  14  8:51  SCV  
  15  9:06  Barracks  
  15  9:09  SCV  
  15  9:32  Widow Mine  
  15  9:36  Engineering Bay  
  17  9:39  Marine  
  17  9:42  SCV  
  17  9:43  SCV  
  20  10:06  Reaper  
  21  10:18  Widow Mine  
  24  10:46  Widow Mine  
  24  10:47  SCV x2  
  25  11:27  Widow Mine x2  
  25  11:29  Marine, Combat Shield  
  30  11:34  SCV x2  
  32  11:46  SCV, Sensor Tower  
  33  11:47  SCV  
  33  11:52  Widow Mine x2  
  38  12:07  Supply Depot  
  38  12:14  SCV  
  38  12:29  SCV x2  
  34  12:58  Widow Mine x2  
Show
View Real Time Build Order
Export as new Build Order

Throwfordays Protoss 

Build Orders: Nexus First, Phoenix Opening 

Get SALT Encoding   

  12  0:00  Probe  
  13  0:13  Probe  
  14  0:18  Pylon  
  14  0:25  Probe  
  15  0:37  Probe  
  16  0:49  Probe  
  17  1:05  Nexus  
  17  1:10  Assimilator  
  17  1:17  Gateway  
  17  1:20  Probe  
  18  1:32  Probe  
  19  1:44  Probe  
  20  1:56  Probe  
  21  2:04  Cybernetics Core  
  21  2:08  Assimilator, Probe  
  22  2:15  Warp Gate  
  22  2:17  Probe  
  22  2:19  Zealot  
  22  2:20  Probe  
  26  2:29  Probe  
  27  2:33  Forge  
  27  2:41  Probe  
  27  2:42  Stargate  
  28  2:51  Probe  
  29  2:59  Probe  
  29  3:00  Probe  
  31  3:07  Probe  
  31  3:08  Probe  
  31  3:10  Pylon  
  33  3:18  Probe  
  33  3:19  Probe  
  34  3:24  Stargate  
  35  3:30  Probe  
  35  3:32  Probe  
  37  3:39  Assimilator  
  35  3:41  Assimilator  
  35  3:42  Probe  
  35  3:44  Probe  
  37  3:48  Phoenix  
  37  3:54  Probe  
  40  3:56  Probe  
  41  4:04  Gateway  
  41  4:06  Gateway, Probe  
  41  4:08  Gateway, Probe  
  43  4:13  Zealot  
  45  4:18  Probe  
  46  4:45  Pylon  
  46  4:47  Pylon  
  46  4:49  Pylon  
  46  4:51  Probe  
  45  4:55  Pylon  
  45  5:04  Adept x3  
  45  5:05  Adept  
  53  5:22  Adept x2  
  53  5:23  Adept  
  53  5:28  Adept  
  57  5:40  Adept x3  
  51  5:50  Adept  
  51  5:54  Void Ray  
  51  5:55  Void Ray  
  35  6:05  Adept  
  35  6:06  Adept  
  38  6:14  Adept  
  36  6:26  Pylon  
  36  6:28  Pylon  
  36  6:29  Adept x2  
  34  6:49  Probe  
  34  6:54  Zealot x3  
  37  6:55  Zealot  
  43  7:01  Probe  
  44  7:13  Probe  
  44  7:14  Zealot  
  44  7:15  Zealot x3  
  45  7:26  Probe  
  40  7:37  Zealot x2  
  40  7:38  Zealot x2, Probe  
  40  7:43  Probe  
  46  7:52  Void Ray  
  46  7:53  Void Ray  
  46  7:55  Probe  
  54  8:07  Probe  
  54  8:08  Zealot x2  
  54  8:09  Zealot x2  
  61  8:19  Probe  
  48  8:31  Probe  
  49  8:37  Probe  
  50  8:43  Probe  
  50  8:47  Probe  
  51  8:51  Probe  
  51  8:55  Probe  
  53  8:59  Probe  
  54  9:03  Probe  
  56  9:10  Probe  
  56  9:15  Void Ray, Probe  
  62  9:22  Pylon  
  62  9:40  Probe x2  
  64  9:52  Probe  
  65  10:04  Probe  
  62  10:16  Probe  
  63  10:26  Probe  
  64  10:29  Probe  
  65  10:37  Void Ray  
  65  10:38  Probe  
  65  10:39  Protoss Air Weapons Level 1  
  70  10:45  Pylon  
  70  10:47  Pylon  
  70  10:49  Pylon  
  70  11:03  Void Ray, Probe x2  
  76  11:15  Probe x2  
  78  11:20  Protoss Ground Weapons Level 1  
  78  11:27  Probe  
  78  11:28  Probe  
  78  11:29  Void Ray  
  85  11:40  Probe x2  
  86  11:52  Void Ray, Probe  
  91  12:03  Stargate  
  91  12:08  Fleet Beacon  
  91  12:15  Pylon  
  91  12:22  Pylon  
  91  12:32  Void Ray  
  91  12:35  Void Ray  
  59  13:23  Zealot x4  
Tags
 
Add a new tag
Caveats
  • Supply blocks, unpowered buildings, or Contaminate may cause inaccurate times.
  • Supply counts are checked every 10 seconds.